 Dungeon Crawl Stone Soup version 0.16-a0-3493-gd9d85f0 (webtiles) character file.

51 4tharraofdagon the Firebug (level 3, -3/15 HPs)
             Began as a Felid Fire Elementalist on Jan 4, 2015.
             Killed from afar by Ijyb (7 damage)
             ... with a wand of magic darts
             ... on level 2 of the Dungeon.
             The game lasted 00:05:32 (935 turns).

4tharraofdagon the Firebug (Felid Fire Elementalist) Turns: 935, Time: 00:05:32

Health: -3/15      AC:  1    Str:  4    XL:     3   Next: 58%
Magic:  8/8        EV: 18    Int: 17    God:
Gold:   82         SH:  0    Dex: 16    Spells: 2 memorised, 2 levels left
                                        Lives:  0   Deaths: 0

rFire  . . .     SeeInvis +     (weapon unavailable)
rCold  . . .     Clarity  .     (armour unavailable)
rNeg   . . .     SustAb   .     (shield unavailable)
rPois  .         Gourm    .     (helmet unavailable)
rElec  .         Spirit   .     (cloak unavailable)
rCorr  .         Warding  .     (gloves unavailable)
rMut   .         Stasis   .     (boots unavailable)
MR     .....                    (no amulet)
Stlth  +++.......               (no ring)
                                (no ring)

@: quick, not resistant to hostile enchantments, fairly stealthy
A: paw claws, no armour, no weapons or thrown items, fangs 3, see invisible,
carnivore 3, speed 1, shaggy fur 1, slow metabolism 1
a: no special abilities


You were on level 2 of the Dungeon.
You were not hungry.

You visited 1 branch of the dungeon, and saw 2 of its levels.

You collected 82 gold pieces.

Inventory:

Books
 b - a book of Flames

   Spells                             Type                      Level
   a - Flame Tongue                   Conjuration/Fire             1
   b - Throw Flame                    Conjuration/Fire             2
   c - Conjure Flame                  Conjuration/Fire             3
   d - Inner Flame                    Hexes/Fire                   3
   e - Sticky Flame                   Conjuration/Fire             4
   f - Fireball                       Conjuration/Fire             5
Comestibles
 a - a royal jelly
 c - 3 meat rations


   Skills:
 + Level 1.1 Fighting
 + Level 3.2 Dodging
 - Level 2.6 Stealth
 + Level 2.2 Spellcasting
 * Level 1.5 Conjurations
 * Level 3.2 Fire Magic


You had 2 spell levels left.
You knew the following spells:

 Your Spells              Type           Power        Failure   Level  Hunger
a - Flame Tongue          Conj/Fire      ##...        10%         1    #......
b - Conjure Flame         Conj/Fire      ##......     24%         3    ###....


Dungeon Overview and Level Annotations

Branches:
Dungeon (2/15)

Altars:

Annotations:
D:2 Ijyb, Sigmund


Innate Abilities, Weirdness & Mutations

You cannot wear armour.
You are incapable of wielding weapons or throwing items.
Your paws have sharp claws.
You have razor-sharp teeth.
You have supernaturally acute eyesight.
You are carnivorous and can eat meat at any time.
You cover ground quickly.
You are covered in fur (AC +1).
You have a slow metabolism.


Message History

There is a stone staircase leading up here.
Unknown command.
You climb upwards.
There is a stone staircase leading down here.
You see here a dagger.
There is a stone staircase leading down here.
You climb downwards.
Level annotation: Sigmund
There is a stone staircase leading up here.
Ijyb the Twisted Goblin comes into view.
Ijyb shouts!
Ijyb screams, "Me very upset!"
Ijyb zaps a wand.
The magic dart hits you!
Ouch! That really hurt!
* * * LOW HITPOINT WARNING * * *
It is a wand of magic darts.
Found a meat ration.
A hobgoblin comes into view. It is wielding a club.
Ijyb zaps a wand.
The magic dart hits you!
You die...

#l. ##..#.###### #.. #.. #..#.#
#.. ....g #..#.# #.. .... .
##.#.# #.. .g. ... #...# #####..
#.####....###...# #......
#.#.............# #......
#.#.#########...# #......
##.#.#....@...##.####......
..#####..g............>..........
%............######.#.#####......
######.......# #.#.# #......
#.......# #.#.# #...... #.......#
#.#.# #......
#.......######.#.#####......
##.##....................... #.
###.#####..........###.#


You could see Ijyb.

Vanquished Creatures
  2 adders (D:2)
  A giant mite (D:2)
  4 giant geckos
  5 bats
  A hobgoblin (D:1)
  A giant cockroach (D:2)
  A giant newt (D:1)
  3 goblins (D:1)
  4 kobolds
  4 rats
26 creatures vanquished.

Notes
Turn   | Place    | Note
--------------------------------------------------------------
     0 | D:1      | 4tharraofdagon, the Felid Fire Elementalist, began the quest for the Orb.
     0 | D:1      | Reached XP level 1. HP: 7/7 MP: 4/4
    73 | D:1      | Reached skill level 1 in Conjurations
   210 | D:1      | Reached XP level 2. HP: 4/12 MP: 1/5
   324 | D:1      | Reached skill level 3 in Fire Magic
   469 | D:2      | Noticed Sigmund
   509 | D:2      | Reached skill level 1 in Fighting
   509 | D:2      | Reached XP level 3. HP: 10/15 MP: 0/8
   514 | D:2      | Learned a level 3 spell: Conjure Flame
   927 | D:2      | Noticed Ijyb
   935 | D:2      | Killed from afar by Ijyb

Action                   || total
-------------------------++-------
Melee: Unarmed           ||    21
 Cast: Flame Tongue      ||    45
  Use: Potion            ||     2
 Stab: Sleeping          ||     1
  Eat: Chunk             ||     3

Vault maps used:
D:1:      minmay_arrival_arboretum_small
D:2:      uniq_iyjb, uniq_sigmund
